 Dungeon Crawl Stone Soup version 0.21.0-25-ge575cb9 (webtiles) character file.

292 tidbits the Insei (level 6, 47/47 HPs)
             Began as a Gnoll Transmuter on Jan 26, 2018.
             Quit the game on level 4 of the Dungeon.
             The game lasted 00:08:01 (974 turns).

tidbits the Insei (Gnoll Transmuter)                 Turns: 974, Time: 00:08:02

Health: 47/47      AC:  2    Str: 13    XL:     6   Next: 33%
Magic:  14/14      EV: 15    Int: 22    God:
Gold:   32         SH:  0    Dex: 15    Spells: 9/15 levels left

rFire    . . .     SeeInvis .   h - -1 dagger (curse)
rCold    . . .     Gourm    .   (no shield)
rNeg     . . .     Faith    .   b - +0 robe
rPois    .         Spirit   .   (no helmet)
rElec    .         Reflect  .   (no cloak)
rCorr    .         Harm     .   (no gloves)
MR       .....     Rnd*Tele +   (no boots)
Stlth    ++........             (no amulet)
HPRegen  0.15/turn              o - ring of teleportation (curse)
MPRegen  0.14/turn              i - +5 ring of intelligence

@: no status effects
A: distributed training, fangs 1, strong nose
a: no special abilities


You were on level 4 of the Dungeon.
You were not hungry.

You visited 1 branch of the dungeon, and saw 4 of its levels.

You collected 32 gold pieces.

Inventory:

Hand Weapons
 h - a cursed -1 dagger (weapon)
 j - a +0 scythe
 u - a +1 mace of draining
   (You found it on level 2 of the Dungeon)
Missiles
 a - 28 arrows
 l - 6 javelins (quivered)
Armour
 b - a +0 robe (worn)
Jewellery
 i - a +5 ring of intelligence (right hand)
   (You found it on level 3 of the Dungeon)
 o - a cursed ring of teleportation (left hand)
   (You found it on level 1 of the Dungeon)
 s - an uncursed ring of stealth
   (You found it on level 1 of the Dungeon)
 w - an uncursed ring of flight
   (You found it on level 2 of the Dungeon)
Scrolls
 e - 3 scrolls of enchant armour
 g - a scroll of enchant weapon {unknown}
 k - a scroll of immolation {unknown}
 m - a scroll of blinking {unknown}
 p - a scroll of magic mapping
 r - a scroll of fear
 t - a scroll of amnesia {unknown}
 v - a scroll of random uselessness
Potions
 f - a potion of cancellation
 n - 2 potions of degeneration {unknown}
 x - a potion of brilliance
Books
 c - a book of Changes

   Spells                             Type                      Level
   a - Beastly Appendage              Transmutation                1
   b - Sticks to Snakes               Transmutation                2
   c - Spider Form                    Transmutation/Poison         3
   d - Ice Form                       Ice/Transmutation            4
   e - Blade Hands                    Transmutation                5
Comestibles
 d - 3 rations


   Skills:
 + Level 3.2 Fighting
 + Level 1.8 Short Blades
 + Level 1.8 Long Blades
 + Level 1.8 Axes
 + Level 1.8 Maces & Flails
 + Level 1.8 Polearms
 + Level 1.8 Staves
 + Level 1.8 Slings
 + Level 1.8 Bows
 + Level 1.8 Crossbows
 + Level 1.8 Throwing
 + Level 1.8 Armour
 + Level 4.9 Dodging
 + Level 1.8 Stealth
 + Level 1.8 Shields
 + Level 6.8 Unarmed Combat
 + Level 5.3 Spellcasting
 + Level 1.4 Conjurations
 + Level 1.4 Hexes
 + Level 1.4 Charms
 + Level 1.4 Summonings
 + Level 1.4 Necromancy
 + Level 1.4 Translocations
 + Level 4.1 Transmutations
 + Level 1.4 Fire Magic
 + Level 1.4 Ice Magic
 + Level 1.4 Air Magic
 + Level 1.4 Earth Magic
 + Level 1.4 Poison Magic
 + Level 2.0 Invocations
 + Level 1.8 Evocations


You had 9 spell levels left.
You knew the following spells:

 Your Spells              Type           Power        Failure   Level  Hunger
e - Beastly Appendage     Tmut           ###...       1%          1    None
k - Sticks to Snakes      Tmut           ###.....     2%          2    None
p - Spider Form           Tmut/Pois      ###.......   10%         3    ##.....


Dungeon Overview and Level Annotations

Branches:
Dungeon (4/15)
 Temple: D:4-7

Altars:
Gozag
Makhleb
Qazlal


Innate Abilities, Weirdness & Mutations

Your experience applies equally to all skills.
You have very sharp teeth.
Your uncanny sense of smell can sniff out nearby items.


Message History

Sigmund dies!
Your Invocations skill increases to level 2!
You have reached level 6!
Your experience leads to an increase in your attributes!
Your base attributes are Str 13, Int 16, Dex 15.
Increase (S)trength, (I)ntelligence, or (D)exterity?
You feel clever.
Your adder looks stronger.
The adder completely misses you.
Your ball python closely misses the adder.
Your ball python misses the adder.
The adder completely misses you.
Your adder bites the adder.
Your ball python misses the adder.
Your ball python completely misses the adder.
The adder bites your adder.
Your adder misses the adder.
Your ball python barely misses the adder.
Your ball python closely misses the adder.
The adder closely misses your adder.
Your adder bites the adder.
The adder dies!
You start resting.
You feel less confused.
You swap places.
Things that are here:
a scythe; a robe; the human corpse of Sigmund
j - a scythe You see here a ration.
d - 2 rations (gained 1)
You swap places.
Your transformation is almost over.
Your ball python withers and dies!
Your adder withers and dies!
You are starting to lose your buoyancy.
You see here a ration.
d - 3 rations (gained 1)
Your transformation has ended.
Your cursed -1 dagger unmelds from your body.
Your +0 robe unmelds from your body.
You float gracefully downwards.
You see here a scroll of identify.
As you read the scroll of identify, it crumbles to dust.
x - a potion of brilliance
There is a stone staircase leading down here.
You climb downwards.
There is a stone staircase leading up here.
Unknown command.
Found 2 purple potions.
You feel a little less mighty now.
You see here 2 purple potions.
n - 2 purple potions A ball python comes into view.
A leopard gecko comes into view.
The helpless ball python fails to defend itself.
You puncture the ball python!
You kill the ball python!
The leopard gecko hisses angrily.
Casting: Spider Form
Confirm with . or Enter, or press ? or * to list all spells.
You turn into a venomous arachnid creature.
Your cursed -1 dagger melds into your body.
Your +0 robe melds into your body.
The leopard gecko bites you.
Unknown command.
You hit the leopard gecko.
The leopard gecko is poisoned.
The leopard gecko is lightly wounded.
The leopard gecko bites you.
You barely miss the leopard gecko.
The leopard gecko is lightly wounded.
The leopard gecko misses you.
You completely miss the leopard gecko.
The leopard gecko is moderately wounded.
The leopard gecko closely misses you.
You hit the leopard gecko but do no damage.
The leopard gecko is moderately wounded.
The leopard gecko misses you.
You closely miss the leopard gecko.
The leopard gecko is moderately wounded.
The leopard gecko closely misses you. The leopard gecko misses you.
The leopard gecko completely misses you. x2
You hit the leopard gecko.
You kill the leopard gecko!
Found a stone staircase leading down.
You are feeling very hungry.
Your transformation is almost over.
You see here a leopard gecko corpse.
You butcher the leopard gecko corpse.
You see here a chunk of flesh.
Eat a chunk of flesh? (ye/n/q)
You eat the chunk of flesh.
This raw flesh tastes terrible.
Your transformation has ended.
Your cursed -1 dagger unmelds from your body.
Your +0 robe unmelds from your body.
There is a stone staircase leading up here.
You see here a trident.
Things that are here:
a mace; a flail
There is a stone staircase leading down here.
You climb downwards.
There is a stone staircase leading up here.
Unknown command.
Are you sure you want to abandon this character and quit the game? (Confirm with "yes".)

*,**,*** #.#########
*,,,,* #..)......#
*****#############.#
#.))....).....#
#.#############
#.#### #....# ####.#
#@..# #####


There were no monsters in sight!

Vanquished Creatures
  An orc wizard (D:4)
  Jessica (D:3)
  Natasha (D:3)
  A worker ant (D:2)
  2 adders (D:2)
  2 worms
  A dart slug (D:1)
  3 leopard geckos
  6 orcs
  A ball python (D:3)
  3 giant cockroaches
  3 goblins
  2 hobgoblins (D:1)
  5 jackals (D:3)
  8 bats
  A frilled lizard (D:3)
  A kobold (D:3)
  10 rats
52 creatures vanquished.

Vanquished Creatures (collateral kills)
  Sigmund (D:2)
  An adder (D:2)
  A goblin (D:1)
  A quokka (D:2)
  2 bats (D:1)
6 creatures vanquished.

Grand Total: 58 creatures vanquished

Notes
Turn   | Place    | Note
-------+----------+-------------------------------------------
     0 | D:1      | tidbits the Gnoll Transmuter began the quest for the Orb.
     0 | D:1      | Reached XP level 1. HP: 17/17 MP: 6/6
    51 | D:1      | Reached XP level 2. HP: 16/23 MP: 7/7
    55 | D:1      | Learned a level 2 spell: Sticks to Snakes
   266 | D:1      | Reached XP level 3. HP: 28/28 MP: 7/9
   271 | D:1      | Learned a level 3 spell: Spider Form
   356 | D:2      | Found a burning altar of Makhleb.
   392 | D:2      | Reached skill level 5 in Spellcasting
   425 | D:2      | Reached skill level 1 in Invocations
   535 | D:3      | Noticed Natasha
   542 | D:3      | Killed Natasha
   542 | D:3      | Reached skill level 1 in Short Blades
   542 | D:3      | Reached skill level 1 in Long Blades
   542 | D:3      | Reached skill level 1 in Axes
   542 | D:3      | Reached skill level 1 in Maces & Flails
   542 | D:3      | Reached skill level 1 in Polearms
   542 | D:3      | Reached skill level 1 in Staves
   542 | D:3      | Reached skill level 1 in Slings
   542 | D:3      | Reached skill level 1 in Bows
   542 | D:3      | Reached skill level 1 in Crossbows
   542 | D:3      | Reached skill level 1 in Throwing
   542 | D:3      | Reached skill level 1 in Armour
   542 | D:3      | Reached skill level 1 in Stealth
   542 | D:3      | Reached skill level 1 in Shields
   542 | D:3      | Reached skill level 1 in Evocations
   542 | D:3      | Reached XP level 4. HP: 20/34 MP: 3/11
   547 | D:3      | Found a stormy altar of Qazlal.
   547 | D:3      | Found an opulent altar of Gozag.
   602 | D:3      | Noticed Jessica
   607 | D:3      | Killed Jessica
   607 | D:3      | Reached skill level 1 in Conjurations
   607 | D:3      | Reached skill level 1 in Hexes
   607 | D:3      | Reached skill level 1 in Charms
   607 | D:3      | Reached skill level 1 in Summonings
   607 | D:3      | Reached skill level 1 in Necromancy
   607 | D:3      | Reached skill level 1 in Translocations
   607 | D:3      | Reached skill level 1 in Fire Magic
   607 | D:3      | Reached skill level 1 in Ice Magic
   607 | D:3      | Reached skill level 1 in Air Magic
   607 | D:3      | Reached skill level 1 in Earth Magic
   607 | D:3      | Reached skill level 1 in Poison Magic
   610 | D:3      | Noticed a phantom
   680 | D:4      | Reached XP level 5. HP: 26/40 MP: 5/12
   738 | D:2      | Reached skill level 3 in Fighting
   776 | D:2      | Reached skill level 4 in Transmutations
   792 | D:2      | Noticed Sigmund
   806 | D:2      | Killed Sigmund
   806 | D:2      | Reached skill level 2 in Invocations
   806 | D:2      | Reached XP level 6. HP: 47/47 MP: 5/14
   974 | D:4      | Quit the game

Skill      XL: |  1  2  3  4  5 |
---------------+----------------+-----
Spellcasting   | 5 |  5.3
Invocations    | 1 2 |  2.0
Short Blades   | 1 |  1.8
Long Blades    | 1 |  1.8
Axes           | 1 |  1.8
Maces & Flails | 1 |  1.8
Polearms       | 1 |  1.8
Staves         | 1 |  1.8
Slings         | 1 |  1.8
Bows           | 1 |  1.8
Crossbows      | 1 |  1.8
Throwing       | 1 |  1.8
Armour         | 1 |  1.8
Stealth        | 1 |  1.8
Shields        | 1 |  1.8
Evocations     | 1 |  1.8
Conjurations   | 1 |  1.4
Hexes          | 1 |  1.4
Charms         | 1 |  1.4
Summonings     | 1 |  1.4
Necromancy     | 1 |  1.4
Translocations | 1 |  1.4
Fire Magic     | 1 |  1.4
Ice Magic      | 1 |  1.4
Air Magic      | 1 |  1.4
Earth Magic    | 1 |  1.4
Poison Magic   | 1 |  1.4
Fighting       | 3 |  3.2
Transmutations | 4 |  4.1
Dodging        | |  4.9
Unarmed Combat | |  6.8

Action                   |  1- 3 |  4- 6 || total
-------------------------+-------+-------++-------
Melee: Unarmed           |    51 |    51 ||   102
       Kick              |     4 |     1 ||     5
       Headbutt          |     3 |       ||     3
       Bite              |     1 |       ||     1
       Dagger            |       |     8 ||     8
 Cast: Beastly Appendage |     8 |     1 ||     9
       Sticks to Snakes  |     3 |     2 ||     5
       Spider Form       |     4 |     8 ||    12
  Use: Potion            |     2 |     3 ||     5
       Scroll            |       |     6 ||     6
 Stab: Sleeping          |     2 |     4 ||     6
       Distracted        |       |     1 ||     1
  Eat: Chunk             |       |     1 ||     1
Armor: Robe              |     9 |       ||     9
       Skin              |     1 |     2 ||     3
Dodge: Dodged            |    39 |    70 ||   109

Table legend:
 A = Turns spent in this place as a percentage of turns spent in the entire game.
 B = Non-inter-level travel turns spent in this place as a percentage of non-inter-level travel turns spent in the entire game.
 C = Inter-level travel turns spent in this place as a percentage of turns spent in this place.
 D = Turns resting spent in this place as a percentage of non-inter-level travel turns spent in this place.
 E = Turns spent auto-exploring this place as a percentage of non-inter-level travel turns spent in this place.
 F = Non-inter-level travel turns spent in this place divided by the number of levels of this place that you've seen.
                   A       B       C       D       E      F
               +-------+-------+-------+-------+-------+----------------------
         Total | 100.0 | 100.0 |   5.5 |   0.3 |   0.0 | 230.0
       Dungeon | 100.0 | 100.0 |   5.5 |   0.3 |   0.0 | 230.0
               +-------+-------+-------+-------+-------+----------------------

Table legend:
 A = Kills in this place as a percentage of kills in entire the game.
 B = Kills by you in this place as a percentage of kills by you in the entire game.
 C = Kills by friends in this place as a percentage of kills by friends in the entire game.
 D = Other kills in this place as a percentage of other kills in the entire game.
 E = Experience gained in this place as a percentage of experience gained in the entire game.
 F = Experience gained in this place divided by the number of levels of this place that you have seen.
                   A       B       C       D       E      F
               +-------+-------+-------+-------+-------+----------------------
         Total | 100.0 | 100.0 | 100.0 |   N/A | 100.0 | 104.5
       Dungeon | 100.0 | 100.0 | 100.0 |   N/A | 100.0 | 104.5
               +-------+-------+-------+-------+-------+----------------------

Vault maps used:
D:1:      dpeg_arrival_ratfight, st_stairs_1, corexii_corridor_pit,
          minmay_pentomino_u4
D:2:      overflow_temple_1_default, uniq_sigmund
D:3:      nicolae_overflow_hidden_temple, uniq_jessica, uniq_natasha
D:4:      grunt_temple_overflow_order_and_chaos_1, grunt_temple_overflow_open,
          kennysheep_little_box
